AoeStats
← breaky1986

Arena

508711436Analyzed
2v2 RM · 9d ago on Sep 23, 2026· 51m 37s· 4 players
Game mode
Random Map
Map size
Medium (4 player)
Population
200
Speed
Normal
Resources
Standard
Victory
Conquest
Starting age
Dark Age
Ending age
Imperial Age
RankedLock teamsTeams togetherTeam positionsShared explorationLock speedFull tech treeHidden civsTurbo modeCheats
Victory
Defeat
🇩🇪 Franks · Germany
1242
+16
🇩🇪 Varangians · Germany
1238
+16
🇫🇷 Hindustanis · France
1256
-16
🇫🇷 Danes · France
1238
-16
Channelle
5:06 Loom
9:40 Feudal Age
13:36 Castle Age
13:05 Double-Bit Axe
15:30 Horse Collar
26:07 Bow Saw
26:00 Heavy Plow
30:52 Wheelbarrow
30:30 Gold Mining
32:52 Fletching
33:09 Scale Barding Armor
33:23 Hand Cart
34:19 Stone Mining
38:39 Imperial Age
36:36 Chain Barding Armor
37:32 Forging
38:19 Scale Mail Armor
38:55 Iron Casting
38:51 Elite Varangian Guard
39:52 Chain Mail Armor
40:02 Conscription
40:44 Plate Barding Armor
40:06 Bodkin Arrow
40:19 Squires
41:45 Blast Furnace
41:24 Stone Shaft Mining
40:56 Gambesons
41:53 Plate Mail Armor
41:16 Arson
44:08 Two-Man Saw
43:43 Bracer
45:06 Gothikon
47:06 Crop Rotation
50:57 Elite Jarl
breaky1986
10:47 Feudal Age
11:28 Double-Bit Axe
17:28 Castle Age
16:02 Stone Mining
18:55 Wheelbarrow
18:33 Bow Saw
20:11 Husbandry
22:38 Gold Mining
24:53 Gold Shaft Mining
30:36 Imperial Age
29:59 Hand Cart
30:46 Cavalier
32:43 Conscription
32:01 Pikeman
32:42 Squires
33:14 Scale Barding Armor
33:20 Forging
33:11 Scale Mail Armor
33:27 Halberdier
36:55 Chain Mail Armor
37:16 Iron Casting
40:43 Blast Furnace
40:13 Plate Mail Armor
40:48 Loom
40:50 Town Watch
40:58 Fletching
42:41 Elite Throwing Axeman
43:53 Bodkin Arrow
45:45 Chemistry
45:05 Ballistics
yalaric
8:58 Loom
10:43 Feudal Age
15:19 Castle Age
13:20 Double-Bit Axe
13:17 Horse Collar
28:13 Bloodlines
28:07 Scale Mail Armor
28:17 Forging
28:17 Scale Barding Armor
28:53 Wheelbarrow
28:03 Town Watch
28:21 Heavy Plow
28:34 Bow Saw
29:02 Husbandry
29:40 Iron Casting
32:42 Imperial Age
30:51 Chain Barding Armor
31:29 Wheelbarrow
31:09 Fortified Wall
33:55 Hand Cart
33:32 Heavy Camel Rider
35:20 Plate Barding Armor
36:11 Imperial Camel Rider
40:26 Chemistry
40:20 Siege Engineers
41:25 Blast Furnace
44:03 Padded Archer Armor
ya3
9:06 Loom
10:54 Feudal Age
15:13 Castle Age
13:15 Horse Collar
13:22 Double-Bit Axe
16:46 Bow Saw
20:28 Heavy Plow
27:09 Squires
27:50 Scale Mail Armor
28:06 Gambesons
30:25 Hamask
35:52 Arson
37:14 Chain Mail Armor
37:09 Forging
39:29 Iron Casting
41:44 Imperial Age
41:47 Elite Jomsviking
42:49 Conscription
43:42 Plate Mail Armor
44:13 Blast Furnace
44:49 Wheelbarrow
46:55 Elite Varangian Guard
Connection lost

Rejoining the realm…

Still unreachable

The connection could not be restored.

Session expired

The server has moved on; the page needs a fresh start.